 Dungeon Crawl Stone Soup version 0.31-a0-187-gba352fbbf7 (webtiles) character file.

Game seed: 5112323745775465871

318 qw the Skirmisher (level 6, -4/35 HPs)
             Began as a Deep Elf Hunter on June 22, 2023.
             Slain by an ogre
             ... wielding a +0 giant club
              (13 damage)
             ... on level 4 of the Dungeon.
             The game lasted 00:01:10 (3168 turns).

qw the Skirmisher (Deep Elf Hunter)                 Turns: 3168, Time: 00:01:11

Health: -4/35      AC:  5    Str: 10    XL:     6   Next: 21%
Magic:  8/8        EV: 11    Int: 14    God:
Gold:   203        SH:  0    Dex: 18    Spells: 5/5 levels left

rFire   . . .        Y - +2 shortbow
rCold   . . .        (shield currently unavailable)
rNeg    . . .        g - +0 ring mail
rPois   .            (no helmet)
rElec   .            (no cloak)
rCorr   .            (no gloves)
SInv    .            (no boots)
Will    .....        (no amulet)
Stlth   +            (no ring)
HPRegen 0.25/turn    (no ring)
MPRegen 0.11/turn

%: no passive effects
@: no status effects
A: no striking features
a: no special abilities


You were on level 4 of the Dungeon.
You visited 1 branch of the dungeon, and saw 4 of its levels.

You collected 203 gold pieces.


   Skills:
 - Level 2.0 Fighting
 + Level 9.6 Ranged Weapons
 - Level 2.4 Dodging
 - Level 1.2 Stealth


You had 5 spell levels left.
You didn't know any spells.
Your spell library was empty.

Inventory:

Hand Weapons
 Y - a +2 shortbow (weapon)
Armour
 g - a +0 ring mail (worn)
Scrolls
 h - a scroll of identify
Potions
 a - a potion of enlightenment
 i - a potion of ambrosia {unknown}
 j - 2 potions of heal wounds {unknown}

Dungeon Overview and Level Annotations

Branches:
Dungeon (4/15)
 Temple: D:4-7

Altars:
Hepliaklqana
Trog
Zin


Message History

Found 3 stones.
Enter note:
Enter note:
Enter note:
Enter note:
Enter note:
Enter note: You see here 3 stones.
An ogre comes into view. It is wielding a +0 giant club.
The ogre shouts!
Enter note:
Enter note:
Enter note:
Enter note:
Enter note:
Enter note: You shoot an arrow.
The arrow hits the ogre.
The ogre is lightly wounded.
You shoot an arrow. The arrow barely misses the ogre.
You shoot an arrow. The arrow hits the ogre!
The ogre is moderately wounded.
You shoot an arrow. The arrow hits the ogre!
The ogre is severely wounded.
You shoot an arrow. The arrow barely misses the ogre.
The ogre hits you with a +0 giant club!
You shoot an arrow. The arrow hits the ogre.
The ogre is almost dead.
You shoot an arrow.
The arrow hits the ogre but does no damage.
The ogre is almost dead.
The ogre barely misses you.
You shoot an arrow. The arrow hits the ogre.
The ogre is almost dead.
The ogre misses you.
You shoot an arrow. The arrow barely misses the ogre.
The ogre hits you with a +0 giant club!
You shoot an arrow. The arrow barely misses the ogre.
You shoot an arrow. The arrow completely misses the ogre.
The ogre hits you with a +0 giant club!
You die...

##### ....# #######
###.# #.....#
###.##########.....#
#..................#
#.#.##########.....#
#.#.# #..@..# #.#.##
###O### #%#..# #.#
#.##.# #.# #.##.#
#.# ..##.# #.#
####.## #.# ......#
#.. ###...#


You could see an ogre.

Vanquished Creatures
  3 hounds
  2 orc priests (D:3)
  Jessica (D:2)
  An orc wizard (D:3)
  2 adders (D:2)
  A dart slug (D:2)
  13 orcs
  10 endoplasms
  2 giant cockroaches (D:1)
  9 goblins
  9 hobgoblins
  4 jackals (D:4)
  5 quokkas
  3 ball pythons
  4 bats
  4 frilled lizards
  5 kobolds
  6 rats
84 creatures vanquished.

Notes
Turn   | Place    | Note
-------+----------+-------------------------------------------
     0 | D:1      | qw the Deep Elf Hunter began the quest for the Orb.
     0 | D:1      | Reached XP level 1. HP: 12/12 MP: 3/3
     0 | D:1      | 0 ||| qw: Version: 0.3-a-9-g12657ce
     0 | D:1      | 0 ||| qw: Game counter: 2233
     0 | D:1      | 0 ||| qw: Always use a shield: true
     0 | D:1      | 0 ||| qw: God list: Okawaru
     0 | D:1      | 0 ||| qw: Allow faded altars: false
     0 | D:1      | 0 ||| qw: Do Orc after D:15 true
     0 | D:1      | 0 ||| qw: Do second Lair branch before Depths: true
     0 | D:1      | 0 ||| qw: Lair rune preference: random
     0 | D:1      | 0 ||| qw: Plans: Normal
     0 | D:1      | 0 ||| PLANNING D:1-11
   185 | D:1      | Reached skill level 6 in Ranged Weapons
   185 | D:1      | Reached XP level 2. HP: 16/16 MP: 4/4
   470 | D:1      | 470 ||| READING scroll labelled MAOHUR HAZXOZU.
   471 | D:1      | 471 ||| READING scroll labelled VYK SUICAROUL.
   472 | D:1      | 472 ||| READING scroll labelled MIQOR YGENG.
   473 | D:1      | 473 ||| READING scroll labelled ZOOSIT RIAGU.
   474 | D:1      | 474 ||| READING scroll labelled WIRINA BIOGAPSA.
   475 | D:1      | 475 ||| DROPPING scroll of butterflies.
   708 | D:2      | Found a hazy altar of Hepliaklqana.
   755 | D:2      | Reached XP level 3. HP: 20/20 MP: 5/5
   787 | D:2      | Noticed Jessica
   791 | D:2      | Killed Jessica
   792 | D:2      | Reached skill level 7 in Ranged Weapons
  1138 | D:2      | Reached XP level 4. HP: 25/25 MP: 6/6
  1290 | D:2      | 1290 ||| FLEEEEING.
  1291 | D:2      | 1291 ||| FLEEEEING.
  1292 | D:2      | 1292 ||| FLEEEEING.
  1293 | D:2      | 1293 ||| FLEEEEING.
  1294 | D:2      | 1294 ||| FLEEEEING.
  1295 | D:2      | 1295 ||| FLEEEEING.
  1296 | D:2      | 1296 ||| FLEEEEING.
  1297 | D:2      | 1297 ||| FLEEEEING.
  1298 | D:2      | 1298 ||| FLEEEEING.
  1299 | D:2      | 1299 ||| FLEEEEING.
  1300 | D:2      | 1300 ||| FLEEEEING.
  1301 | D:2      | 1301 ||| FLEEEEING.
  1302 | D:2      | 1302 ||| FLEEEEING.
  1303 | D:2      | 1303 ||| FLEEEEING.
  1304 | D:2      | 1304 ||| FLEEEEING.
  1305 | D:2      | 1305 ||| FLEEEEING.
  1306 | D:2      | 1306 ||| FLEEEEING.
  1307 | D:2      | 1307 ||| FLEEEEING.
  1308 | D:2      | 1308 ||| FLEEEEING.
  1309 | D:2      | 1309 ||| FLEEEEING.
  1310 | D:2      | 1310 ||| FLEEEEING.
  1311 | D:2      | 1311 ||| FLEEEEING.
  1348 | D:2      | 1348 ||| READING scroll of enchant weapon.
  1348 | D:2      | 1348 ||| ENCHANTING +1 shortbow.
  1391 | D:2      | Found a faded altar of an unknown god.
  1457 | D:2      | 1457 ||| UPGRADING to +0 ring mail.
  1467 | D:2      | 1467 ||| DROPPING +0 leather armour.
  1468 | D:2      | 1468 ||| READING scroll labelled PIEDOPEETA.
  1469 | D:2      | 1469 ||| READING scroll labelled AVEABLIURE.
  1470 | D:2      | 1470 ||| READING scroll labelled VETREYT ICUYLE.
  1579 | D:3      | Reached skill level 8 in Ranged Weapons
  1579 | D:3      | 1579 ||| FLEEEEING.
  1581 | D:3      | 1581 ||| FLEEEEING.
  1582 | D:3      | 1582 ||| STAIRDANCE
  1626 | D:3      | 1626 ||| STAIRDANCE
  1729 | D:3      | Reached XP level 5. HP: 25/29 MP: 7/7
  1834 | D:3      | Found a bloodstained altar of Trog.
  1892 | D:3      | 1892 ||| FLEEEEING.
  1893 | D:3      | 1893 ||| FLEEEEING.
  1894 | D:3      | 1894 ||| FLEEEEING.
  1895 | D:3      | 1895 ||| FLEEEEING.
  1896 | D:3      | 1896 ||| FLEEEEING.
  1897 | D:3      | 1897 ||| FLEEEEING.
  1979 | D:3      | 1979 ||| Stepping ~*~*~tactically~*~*~ (water).
  2093 | D:3      | Reached skill level 9 in Ranged Weapons
  2185 | D:3      | Found a glowing silver altar of Zin.
  2209 | D:3      | 2209 ||| STAIRDANCE
  2227 | D:2      | 2227 ||| DRINKING 2 sedimented black potions.
  2253 | D:2      | 2253 ||| READING 3 scrolls of identify.
  2253 | D:2      | 2253 ||| IDENTIFYING white potion
  2254 | D:2      | 2254 ||| READING 2 scrolls of identify.
  2254 | D:2      | 2254 ||| IDENTIFYING brown potion
  2255 | D:2      | 2255 ||| DROPPING potion of attraction.
  2256 | D:2      | 2256 ||| DROPPING potion of lignification.
  2694 | D:4      | Reached XP level 6. HP: 35/35 MP: 8/8
  3166 | D:4      | HP: 8/35 [ogre/+0 giant club (17)]
  3168 | D:4      | Slain by an ogre

Levels and vault maps discovered:
D:1:      dpeg_arrival_erosion, layout_basic, minmay_small_reverse_x
D:2:      wad_river_or_something, layout_loops_ring, basic_altar,
          hellmonk_ecumenical_altar_defaced_shrine, uniq_jessica
D:3:      layout_basic, general_overflow_altar, trog_book, grunt_decor_clamped,
          serial_bayou_ford_a, serial_bayou_pond_d, nicolae_figureground_sparkle
D:4:      layout_loops_ring, cheibrodos_gnoll_hut

Skill      XL: |  1  2  3  4  5 |
---------------+----------------+-----
Ranged Weapons | 6 7 8 9 |  9.6
Fighting       | 2 |  2.0
Dodging        | |  2.4
Stealth        | |  1.2

Action                     |  1- 3 |  4- 6 || total
---------------------------+-------+-------++-------
   Fire: Shortbow          |    75 |   145 ||   220
    Use: Scroll            |     5 |     6 ||    11
         Potion            |       |     1 ||     1
 Armour: Leather armour    |     4 |       ||     4
         Ring mail         |       |     8 ||     8
  Dodge: Dodged            |    13 |    33 ||    46

Table legend:
 A = Non-vault XP
 B = Vault XP
 C = Vault XP percentage of total XP
 D = Non-vault monster count
 E = Vault monster count
 F = Vault count percentage of total count
                 A         B        C        D         E       F
            +---------+---------+-------+---------+---------+-------
      Total |     362 |      93 |  20.4 |      63 |      21 |  25.0
            +---------+---------+-------+---------+---------+-------
        D:1 |      24 |       7 |  22.6 |      16 |       4 |  20.0
        D:2 |      20 |      86 |  81.1 |       5 |      17 |  77.3
        D:3 |     208 |       0 |   0.0 |      26 |       0 |   0.0
        D:4 |     110 |       0 |   0.0 |      16 |       0 |   0.0
            +---------+---------+-------+---------+---------+-------
